 Dungeon Crawl Stone Soup version 0.24-a0-497-g5a03d68f59 (webtiles) character file.

Game seed: 16376243170179449277

8669 KristoblXynda the Covert (level 11, -8/52 HPs)
             Began as a Spriggan Enchanter on July 13, 2019.
             Was a Follower of Ashenzari.
             Mangled by an orc warrior (28 damage)
             ... on level 9 of the Dungeon.
             The game lasted 00:25:05 (12530 turns).

KristoblXynda the Covert (Spriggan Enchanter)      Turns: 12530, Time: 00:25:06

Health: -8/52      AC:  7    Str:  5    XL:     11   Next: 12%
Magic:  19/26      EV: 21    Int: 18    God:    Ashenzari [*.....]
Gold:   412        SH:  0    Dex: 20    Spells: 19/31 levels left

rFire    . . .     SeeInvis +   y - +1 short sword (drain)
rCold    + . .     Gourm    .   (shield restricted)
rNeg     . . .     Faith    .   C - +1 robe "Jenejala" {rC+ rCorr Dex+2} (curse)
rPois    .         Spirit   .   (helmet restricted)
rElec    .         Reflect  .   e - +1 cloak
rCorr    +         Harm     .   (gloves unavailable)
MR       +....                  (boots unavailable)
Stlth    ++++++....             (no amulet)
HPRegen  0.17/turn              i - ring of flight
MPRegen  0.20/turn              u - +2 ring of protection

@: very quick
A: very small, unfitting armour, see invisible, herbivore, speed 3, slow
metabolism 2
a: Curse Item, Scrying, Renounce Religion, Evoke Flight


You were on level 9 of the Dungeon.
You worshipped Ashenzari.
Ashenzari was aware of your devotion.
You were hungry.

You visited 2 branches of the dungeon, and saw 10 of its levels.

You collected 548 gold pieces.
You spent 136 gold pieces at shops.

Inventory:

Hand Weapons
 a - a +2 dagger
 y - a +1 short sword of draining (weapon)
Missiles
 b - 4 throwing nets (quivered)
Armour
 e - a +1 cloak (worn)
 B - the +1 robe of a bazaar {Int+3 Dex-5}
   (You found it on level 7 of the Dungeon)

   It affects your intelligence (+3).
   It affects your dexterity (-5).
 C - the cursed +1 robe "Jenejala" (worn) {rC+ rCorr Dex+2}
   (You found it on level 7 of the Dungeon)

   It affects your dexterity (+2).
   It protects you from cold.
   It provides partial protection from all sources of acid and corrosion.
   It has a curse placed upon it.
Jewellery
 i - a ring of flight (left hand)
 u - a +2 ring of protection (right hand)
Wands
 t - a wand of paralysis (3)
Scrolls
 c - 7 scrolls of teleportation
 g - 9 scrolls of remove curse
 h - 4 scrolls of enchant armour
 j - 5 scrolls of enchant weapon
 l - 2 scrolls of blinking
 n - 4 scrolls of amnesia
 r - a scroll of identify
 x - a scroll of fear
 E - a scroll of magic mapping
Potions
 f - 2 potions of invisibility
 k - 2 potions of heal wounds
 m - 2 potions of lignification
 o - a potion of magic
 p - 2 potions of might
 q - 6 potions of curing
 s - 3 potions of brilliance
 v - 5 potions of mutation
 w - 4 potions of haste
 z - a potion of flight
 A - a potion of agility
 D - a potion of resistance
Comestibles
 d - 13 rations


   Skills:
 - Level 3.1 Fighting
 + Level 5.7 Short Blades
 - Level 5.5 Dodging
 - Level 12.7 Stealth
 + Level 10.7 Spellcasting
 - Level 10.3 Hexes
 + Level 2.4 Air Magic
 + Level 7.2 Evocations


You had 19 spell levels left.
You knew the following spells:

 Your Spells              Type           Power        Failure   Level  Hunger
a - Summon Lightning Spi  Summ/Air       ##......     41%         4    ##.....
b - Ensorcelled Hibernat  Hex/Ice        ####..       1%          2    None
c - Confuse               Hex            #####...     1%          3    None
d - Tukima's Dance        Hex            #####...     1%          3    None

Your spell library contained the following spells:

 Spells                   Type           Power        Failure   Level  Hunger
 Corona                   Hex            #####..      1%          1    None
 Slow                     Hex            #####...     1%          2    None
 Dazzling Spray           Conj/Hex       ####..       2%          3    None
 Summon Guardian Golem    Hex/Summ       ####....     2%          3    None
 Magic Dart               Conj           #...         8%          1    None
 Summon Small Mammal      Summ           #...         8%          1    None
 Blink                    Tloc           N/A          11%         2    None
 Call Imp                 Summ           #.......     11%         2    None
 Mephitic Cloud           Conj/Pois/Air  ##......     16%         3    None
 Call Canine Familiar     Summ           #.......     22%         3    None
 Conjure Flame            Conj/Fire      #.......     22%         3    None
 Summon Ice Beast         Ice/Summ       #.......     58%         4    ##.....


Dungeon Overview and Level Annotations

Branches:
Dungeon (9/15)             Temple (1/1) D:4            Lair (0/6) D:9
    Orc: D:9-12

Altars:
Ashenzari
Cheibriados
Dithmenos
Elyvilon
Fedhas
Gozag
Hepliaklqana
Kikubaaqudgha
Makhleb
Nemelex Xobeh
Okawaru
Qazlal
Ru
Sif Muna
Trog
Uskayaw
Vehumet
Wu Jian
Xom
Yredelemnul
Zin
The Shining One

Shops:
D:4 !*   D:8 *


Innate Abilities, Weirdness & Mutations

You are very small and have problems with some larger weapons.
You are too small for most types of armour.
You have supernaturally acute eyesight. (SInv)
You are a herbivore.
You cover ground extremely quickly.
You need to consume almost no food.


Message History

You hear a shout!
Casting: Tukima's Dance (safe; 1% risk of failure)
Confirm with . or Enter, or press ? or * to list all spells.
Aiming: Confuse (safe; 1% risk of failure)
Press: ? - help, Shift-Dir - straight line, f/p - orc warrior
Aim: an orc warrior, wearing a +0 ring mail (severely wounded, berserk, fast, unusually strong, chance to defeat MR: 71%)
The orc warrior struggles to resist.
The orc warrior rages.
There is an open door here.
The orc warrior rages.
There is a stone staircase leading up here.
The orc warrior rages.
Casting: Confuse (safe; 1% risk of failure)
Confirm with . or Enter, or press ? or * to list all spells.
Aiming: Confuse (safe; 1% risk of failure)
Press: ? - help, Shift-Dir - straight line, f/p - orc warrior
Aim: an orc warrior, wearing a +0 ring mail (severely wounded, berserk, fast, unusually strong, chance to defeat MR: 71%)
The orc warrior struggles to resist.
The orc warrior hits you!!
Ouch! That really hurt!
You die...

######### #.......# ######
#.......# .....# #.......#######
.....# #.......#.....#
.....####..<....#.....#
.....+..'......)......#
.....####......o@(....#
.....'<.....#.........######
.....######.#..............######
###### #.#.......######.P....#
### #.#.......# ###.......
#######.###.....###.# ##......P.P
...._##.........###.# #.P..PP.P..
(....##.........#...###...PPP....
...._##.......))#.####..PPPP..P.P


You could see an orc warrior (berserk).

Vanquished Creatures
  A two-headed ogre (D:9)
  Pikel (D:4)
  Psyche (D:8)
  A troll (D:9)
  Grinder (D:5)
  Prince Ribbit (D:8)
  2 hippogriffs
  A spriggan (D:7)
  A wyvern (D:9)
  7 yaks
  Eustachio (D:4)
  Edmund (D:4)
  2 porcupines (D:9)
  2 orc warriors
  An ice beast (D:5)
  4 slaves (D:4)
  A phantom (D:8)
  4 sky beasts
  4 ogres
  A centaur (D:5)
  A crocodile (D:9)
  6 bullfrogs
  4 scorpions
  6 killer bees
  5 wights (D:8)
  2 centaur zombies
  3 crimson imps
  A bullfrog skeleton (D:4)
  2 jellies
  5 hounds
  An orc priest (D:5)
  8 worker ants
  2 iguanas
  4 orc wizards
  A killer bee zombie (D:9)
  A hound zombie (D:7)
  2 hound skeletons
  A howler monkey zombie (D:6)
  9 adders
  12 gnolls
  A shadow imp (D:7)
  2 oozes
  2 adder skeletons
  5 worms
  4 dart slugs
  3 leopard geckos
  29 orcs
  4 ball pythons
  10 bats
  4 giant cockroaches
  12 goblins
  19 hobgoblins
  10 jackals
  4 quokkas
  6 frilled lizards
  A jackal skeleton (D:4)
  9 kobolds
  A leopard gecko skeleton (D:4)
  A leopard gecko zombie (D:8)
  A quokka skeleton (D:4)
  7 rats
249 creatures vanquished.

Vanquished Creatures (collateral kills)
  Erica (D:8)
  A two-headed ogre (D:9)
  An orc priest (D:9)
  An orc wizard (D:7)
4 creatures vanquished.

Vanquished Creatures (others)
  A frilled lizard (D:2)
  A rat (D:2)
  32 fungi (D:9)
  9 plants (D:9)
43 creatures vanquished.

Grand Total: 296 creatures vanquished

Notes
Turn   | Place    | Note
-------+----------+-------------------------------------------
     0 | D:1      | KristoblXynda the Spriggan Enchanter began the quest for
                  | the Orb.
     0 | D:1      | Reached XP level 1. HP: 9/9 MP: 5/5
   609 | D:1      | Reached XP level 2. HP: 12/13 MP: 7/7
   797 | D:1      | Learned a level 2 spell: Ensorcelled Hibernation
   834 | D:1      | Reached skill level 5 in Stealth
  1072 | D:1      | Reached XP level 3. HP: 16/16 MP: 8/8
  1129 | D:1      | Learned a level 3 spell: Confuse
  1586 | D:2      | Found a glowing silver altar of Zin.
  2224 | D:2      | Reached XP level 4. HP: 21/21 MP: 5/10
  2382 | D:2      | Found a glowing golden altar of the Shining One.
  3192 | D:3      | Found a sacrificial altar of Ru.
  3738 | D:4      | Reached XP level 5. HP: 24/24 MP: 9/12
  3751 | D:4      | Reached skill level 6 in Stealth
  3881 | D:4      | Noticed Pikel
  3881 | D:4      | Noticed a slave
  3881 | D:4      | Noticed a slave
  3881 | D:4      | Noticed a slave
  3883 | D:4      | Noticed a slave
  3890 | D:4      | Killed a slave
  4008 | D:4      | Killed a slave
  4018 | D:4      | Killed a slave
  4190 | D:4      | Killed a slave
  4262 | D:4      | Killed Pikel
  4262 | D:4      | Reached skill level 7 in Stealth
  4262 | D:4      | Reached skill level 5 in Spellcasting
  4262 | D:4      | Reached skill level 5 in Hexes
  4262 | D:4      | Reached XP level 6. HP: 17/28 MP: 1/15
  4262 | D:4      | Reached XP level 7. HP: 19/32 MP: 1/16
  4537 | D:4      | Found Kuvad's Assorted Antiques.
  4539 | D:4      | Noticed Eustachio
  4545 | D:4      | Killed Eustachio
  4645 | D:4      | Reached skill level 8 in Stealth
  4830 | D:4      | Found a staircase to the Ecumenical Temple.
  4840 | Temple   | Entered the Ecumenical Temple
  4847 | Temple   | Became a worshipper of Ashenzari the Shackled
  5227 | D:4      | Found a burning altar of Makhleb.
  5310 | D:4      | Learned a level 3 spell: Tukima's Dance
  5526 | D:4      | Noticed Edmund
  5534 | D:4      | Killed Edmund
  5534 | D:4      | Reached XP level 8. HP: 36/36 MP: 13/18
  5543 | D:4      | Found Damneitt's Distillery.
  5549 | D:4      | Found a basalt altar of Yredelemnul.
  5558 | D:4      | Bought a potion of curing for 39 gold pieces
  5899 | D:5      | Entered Level 5 of the Dungeon
  5918 | D:5      | Reached skill level 5 in Short Blades
  5934 | D:5      | Reached skill level 9 in Stealth
  6213 | D:5      | Noticed Grinder
  6228 | D:5      | Killed Grinder
  6871 | D:5      | Reached skill level 1 in Fighting
  7076 | D:5      | Reached skill level 10 in Stealth
  7248 | D:6      | Reached XP level 9. HP: 14/42 MP: 1/21
  7488 | D:6      | Found a sparkling altar of Nemelex Xobeh.
  7568 | D:6      | Found a shimmering altar of Xom.
  7568 | D:6      | Found a shimmering altar of Xom.
  7568 | D:6      | Found a shimmering altar of Xom.
  7569 | D:6      | Found a shimmering altar of Xom.
  7582 | D:6      | Found a shimmering altar of Xom.
  7719 | D:6      | Found an opulent altar of Gozag.
  7724 | D:6      | Found a radiant altar of Vehumet.
  7857 | D:6      | Found a shimmering altar of Xom.
  8457 | D:7      | Reached * piety under Ashenzari
  8782 | D:7      | Reached skill level 11 in Stealth
  9375 | D:7      | Reached skill level 1 in Evocations
  9595 | D:7      | Got the uncursed robe of a bazaar {Int+3 Dex-5}
  9614 | D:7      | Got the cursed robe "Jenejala" {rC+ rCorr Dex+2}
  9626 | D:7      | Identified the cursed +1 robe "Jenejala" {rC+ rCorr Dex+2}
                  | (You found it on level 7 of the Dungeon)
  9626 | D:7      | Identified the +1 robe of a bazaar {Int+3 Dex-5} (You found
                  | it on level 7 of the Dungeon)
  9831 | D:8      | Found Kaushruh's General Store.
  9834 | D:8      | Bought a scroll of enchant weapon for 97 gold pieces
  9990 | D:8      | Noticed Erica
 10001 | D:8      | Killed Erica
 10001 | D:8      | Reached XP level 10. HP: 49/49 MP: 15/24
 10098 | D:8      | Reached skill level 12 in Stealth
 10188 | D:8      | Noticed Prince Ribbit
 10196 | D:8      | Killed Prince Ribbit
 10505 | D:8      | Found a deep blue altar of Sif Muna.
 10534 | D:8      | Noticed Psyche
 10537 | D:8      | Killed Psyche
 10731 | D:8      | Found a stormy altar of Qazlal.
 10854 | D:8      | Reached skill level 5 in Evocations
 10987 | D:9      | Reached skill level 10 in Hexes
 11077 | D:9      | Reached skill level 10 in Spellcasting
 11579 | D:8      | Learned a level 4 spell: Summon Lightning Spire
 11603 | D:9      | Identified a scroll of acquirement
 11616 | D:9      | Got the cursed cloak of a Thousand Friends {rPois rN+}
 11624 | D:9      | Reached skill level 1 in Air Magic
 11746 | D:9      | Identified the cursed -7 cloak of a Thousand Friends {rPois
                  | rN+} (You acquired it on level 9 of the Dungeon)
 11890 | D:9      | Noticed a two-headed ogre
 11897 | D:9      | Killed a two-headed ogre
 11897 | D:9      | Reached skill level 5 in Dodging
 11987 | D:9      | Reached XP level 11. HP: 52/52 MP: 21/26
 12203 | D:9      | Found a staircase to the Lair.
 12426 | D:9      | Noticed a two-headed ogre
 12436 | D:9      | Killed a two-headed ogre
 12488 | D:9      | Found an iron altar of Okawaru.
 12489 | D:9      | Found a bloodstained altar of Trog.
 12530 | D:9      | Mangled by an orc warrior

Levels and vault maps discovered:
D:1:      minmay_arrival_split_and_join, layout_rooms, hex_medium
D:2:      layout_loops_corners, nicolae_tso_swordbearing_angel, zin_academy,
          first_ration, lemuel_old_faithful
D:3:      layout_loops_ring, lemuel_crystal_altar
D:4:      layout_loops_corners, makhleb_blood_cavern_becter,
          overflow_temple_1_default, minmay_temple_entry_stoned_glass,
          serial_rivers, chequers_serial_rivers_micro_b,
          chequers_serial_rivers_small_b, chequers_serial_rivers_micro_e,
          chequers_serial_rivers_micro_b, chequers_serial_rivers_small_b,
          serial_shops, nicolae_shop_competitors_out_of_business,
          nicolae_shop_overgrown_old_shop, uniq_pikel, uniq_edmund,
          uniq_eustachio
D:5:      layout_rooms, uniq_grinder
D:6:      layout_basic, nemelex_xobeh_ov_fountains_minmay, marbit_many_paths,
          minitemple, minmay_misc_feat_alley, xom_redecorated
D:7:      layout_cave_pools, the_bakery, minmay_shattered_shrine
D:8:      corexii_shantytown, layout_rooms, nicolae_qazlal_eye_of_the_storm,
          lemuel_doored_altar, serial_shops, shop, uniq_psyche, uniq_erica,
          uniq_prince_ribbit1
D:9:      layout_basic, grunt_temple_overflow_bloody_war,
          due_lair_maze_entry_diamond
Temple:   compressed_dpeg_triangle_lava_temple

Skill      XL: |  1  2  3  4  5  6  7  8  9 10 11 |
---------------+----------------------------------+-----
Spellcasting   | 3 4 5 6 7 9 10 | 10.7
Hexes          | 4 5 6 8 9 10 | 10.3
Stealth        | 5 7 8 10 11 12 | 12.7
Short Blades   | 2 3 4 5 |  5.7
Fighting       | 1 3 |  3.1
Evocations     | 3 6 7 |  7.2
Dodging        | 5 |  5.5
Air Magic      | 1 2 |  2.4

Action                   |  1- 3 |  4- 6 |  7- 9 | 10-12 || total
-------------------------+-------+-------+-------+-------++-------
Melee: Dagger            |   151 |   172 |   252 |    82 ||   657
       Short sword       |       |       |       |   207 ||   207
 Cast: Corona            |     4 |       |       |       ||     4
       Ensorcelled Hiber |    15 |    26 |    94 |    47 ||   182
       Confuse           |       |     5 |    10 |     7 ||    22
       Tukima's Dance    |       |       |     3 |     6 ||     9
  Use: Scroll            |     3 |     3 |    17 |     5 ||    28
 Stab: Sleeping          |    20 |    20 |    73 |    52 ||   165
       Confused          |       |     5 |     6 |     4 ||    15
       Distracted        |       |       |     1 |     1 ||     2
  Eat: Ration            |       |     2 |     3 |     1 ||     6
Armor: Robe              |    24 |    15 |    32 |    34 ||   105
Dodge: Dodged            |   128 |   143 |   181 |   187 ||   639

Table legend:
 A = Non-vault XP
 B = Vault XP
 C = Vault XP percentage of total XP
 D = Non-vault monster count
 E = Vault monster count
 F = Vault count percentage of total count
                 A         B        C        D         E       F
            +---------+---------+-------+---------+---------+-------
      Total |    7443 |    4942 |  39.9 |     194 |      55 |  22.1
            +---------+---------+-------+---------+---------+-------
        D:1 |      44 |       0 |   0.0 |      23 |       0 |   0.0
        D:2 |      73 |       0 |   0.0 |      24 |       0 |   0.0
        D:3 |      66 |       0 |   0.0 |      22 |       0 |   0.0
        D:4 |     394 |    1019 |  72.1 |      22 |       4 |  15.4
        D:5 |     655 |     262 |  28.6 |      16 |       1 |   5.9
        D:6 |     550 |      48 |   8.0 |      14 |       1 |   6.7
        D:7 |    1011 |     712 |  41.3 |      29 |       6 |  17.1
        D:8 |    1129 |    1581 |  58.3 |      18 |      33 |  64.7
        D:9 |    3521 |    1320 |  27.3 |      26 |      10 |  27.8
            +---------+---------+-------+---------+---------+-------
